 Dungeon Crawl Stone Soup version 0.31-a0-152-g6aa68a64a1 (webtiles) character file.

Game seed: 2714888502226509871

71125 Angani the Destroyer (level 14, -9/121 HPs)
             Began as a Demigod Conjurer on June 6, 2023.
             Killed from afar by a war gargoyle (11 damage)
             ... with a spray of metal splinters
             ... on level 1 of the Elven Halls on June 10, 2023.
             The game lasted 01:12:36 (26576 turns).

Angani the Destroyer (Demigod Conjurer)            Turns: 26576, Time: 01:12:36

Health: -9/121     AC: 10    Str:  8    XL:     14   Next: 54%
Magic:  2/32       EV: 10    Int: 41    God:
Gold:   907        SH:  4    Dex: 12    Spells: 0/33 levels left

rFire   + + +        v - +8 short sword "Worm" {freeze, *Noise rPois rF+++ Will++}
rCold   . . .        k - +0 buckler
rNeg    . . .        a - +0 ring mail of the Slightly Bent {Regen+ Int+5}
rPois   +            (helmet restricted)
rElec   .            n - +0 cloak
rCorr   +            w - +0 pair of gloves
SInv    .            E - +0 pair of boots {rampage}
Will    +++..        (no amulet)
Stlth   +            j - ring of wizardry
HPRegen 2.00/turn    q - ring of resist corrosion
MPRegen 0.23/turn

%: rampage, wizardry (x1)
@: no status effects
A: high MP 1, forlorn, divine attributes, antennae 1, iridescent scales 1,
regeneration 1
a: no special abilities


You were on level 1 of the Elven Halls.
You visited 4 branches of the dungeon, and saw 21 of its levels.
You also visited: Volcano.

You collected 1994 gold pieces.
You spent 1087 gold pieces at shops.

Inventory:

Hand Weapons
 b - the +7 falchion "Kuekh" {flame, Fly Int+2}
   (You bought it in a shop on level 8 of the Dungeon)

   Int:       It affects your intelligence (+2).
   Fly:       It grants you flight.
 v - the +8 short sword "Worm" (weapon) {freeze, *Noise rPois rF+++ Will++}
   (You bought it in a shop on level 8 of the Dungeon)

   rF:        It renders you almost immune to fire.
   rPois:     It protects you from poison.
   *Noise:    It may make noises in combat.
   Will:      It greatly increases your willpower.
Missiles
 A - a throwing net
Armour
 a - the +0 ring mail of the Slightly Bent (worn) {Regen+ Int+5}
   (You found it on level 7 of the Dungeon)

   Int:       It affects your intelligence (+5).
   Regen:     It increases your rate of health regeneration.
 k - a +0 buckler (worn)
 n - a +0 cloak (worn)
 w - a +0 pair of gloves (worn)
 E - a +0 pair of boots of rampaging (worn)
Jewellery
 j - a ring of wizardry (left hand)
 q - a ring of resist corrosion (right hand)
Wands
 C - a wand of flame (7)
Scrolls
 d - a scroll of silence
 h - a scroll of magic mapping
 o - a scroll of brand weapon
 r - a scroll of amnesia
 t - 3 scrolls of enchant armour
 x - a scroll of fear
 y - 2 scrolls of enchant weapon
Potions
 c - 2 potions of might
 e - 3 potions of mutation
 g - a potion of attraction
 i - a potion of brilliance
 l - 2 potions of invisibility
 m - 2 potions of curing
 p - a potion of enlightenment
 D - 2 potions of cancellation


   Skills:
 - Level 10.0 Fighting
 + Level 2.3 Armour
 + Level 3.2 Dodging
 - Level 1.7 Stealth
 + Level 2.4 Shields
 - Level 10.0 Spellcasting
 - Level 10.1 Conjurations
 - Level 10.1 Hexes
 - Level 10.0 Summonings
 * Level 2.7 Fire Magic
 - Level 10.0 Air Magic


You couldn't memorise any spells.
You knew the following spells:

 Your Spells              Type           Power      Damage    Failure   Level
a - Magic Dart            Conj           100%       1d8       1%          1
b - Searing Ray           Conj           100%       2d8       1%          2
c - Tukima's Dance        Hex            81%        N/A       1%          3
d - Fulminant Prism       Conj/Hex       40%        3d19      1%          4
e - Iskenderun's Mystic   Conj/Tloc      58%        2d12      4%          4
f - Summon Lightning Spi  Summ/Air       80%        N/A       1%          4
g - Passage of Golubria   Tloc           20%        N/A       28%         4
h - Conjure Ball Lightni  Conj/Air       40%        3x3d13    8%          6
i - Fireball              Conj/Fire      32%        3d14      6%          5

Your spell library contained the following spells:

 Spells                   Type           Power      Damage    Failure   Level
 Summon Small Mammal      Summ           100%       N/A       1%          1
 Poisonous Vapours        Pois/Air       100%       N/A       1%          2
 Dazzling Flash           Conj/Hex       100%       N/A       1%          3
 Inner Flame              Hex/Fire       65%        N/A       1%          3
 Iskenderun's Battlesphe  Conj           81%        2d13      1%          5
 Flame Wave               Conj/Fire      65%        2d15      2%          4
 Sticky Flame             Conj/Fire      65%        2d8       2%          4
 Apportation              Tloc           40%        N/A       3%          1
 Beastly Appendage        Tmut           40%        N/A       3%          1
 Necrotise                Necr           80%        1d8       3%          1
 Sting                    Tmut/Pois      80%        1d7       3%          1
 Wereblood                Tmut           20%        N/A       4%          2
 Animate Armour           Summ/Erth      100%       N/A       4%          4
 Spider Form              Tmut/Pois      20%        N/A       9%          3
 Yara's Violent Unravell  Hex/Tmut       29%        3d12      11%         5
 Olgreb's Toxic Radiance  Pois           20%        N/A       28%         4
 Orb of Destruction       Conj           40%        9d11      36%         7
 Blade Hands              Tmut           10%        N/A       61%         5
 Discord                  Hex            40%        N/A       95%         8
 Disjunction              Tloc           10%        N/A       100%        8


Dungeon Overview and Level Annotations

Branches:
Dungeon (13/15) Temple (0/1) D:4 Lair (5/5) D:9 Shoals (0/4) Lair:2 Spider (0/4) Lair:2 Slime (0/5) Lair:4 Orc (2/2) D:10 Elf (1/3) Orc:2 Vaults (0/5) D:12 D:13 Volcano (visited)

Shops:
D:7 [   D:8 [((   Orc:2 =::*   Elf:1 ?

Annotations:
D:6 1 runed translucent door, Gruesome's ghost, novice TrBr
D:13 Rupert
Elf:1 1 runed translucent door


Innate Abilities, Weirdness & Mutations

You have an increased reservoir of magic. (+10% MP)
You shall have no god before yourself.
Your divine heritage dramatically boosts your attributes as you level up.
You have a pair of small antennae on your head.
You are partially covered in iridescent scales. (AC +2)
Your natural rate of healing is unusually fast.


Message History

Confirm with . or Enter, or press ? or * to list all spells.
You erupt in a blast of force!
The mystic blast hits the war gargoyle but does no damage.
The war gargoyle is almost destroyed.
The war gargoyle hits you with a +2 great mace of holy wrath!
The war gargoyle launches metal splinters at you.
The spray of metal splinters hits you!!!
* * * LOW HITPOINT WARNING * * *
Unknown command.
Okay, then.
Okay, then.
Okay, then.
Okay, then.
Okay, then.
Unknown command.
Press: ? - help, v - describe, . - travel
Here: a war gargoyle, wielding a +2 great mace of holy wrath (almost destroyed, catching its breath)
The floor.
Unknown command.
You can't see any enemies this would affect, really read the scroll of fear?
Okay, then.
Unknown command.
Okay, then.
Okay, then.
Press: ? - help, v - describe, . - travel
Here: a war gargoyle, wielding a +2 great mace of holy wrath (almost destroyed, catching its breath)
The floor.
Unknown command.
You feel better.
The war gargoyle hits you with a +2 great mace of holy wrath.
* * * LOW HITPOINT WARNING * * *
You feel better.
The war gargoyle hits you with a +2 great mace of holy wrath!
* * * LOW HITPOINT WARNING * * *
You feel better.
The war gargoyle hits you with a +2 great mace of holy wrath!!
* * * LOW HITPOINT WARNING * * *
The war gargoyle launches metal splinters at you.
The spray of metal splinters hits you!
You die...

##### ....# ##### ....#
##...##
....###########.....#
.)..'.........+.@)..#
....###########)9...#######
....# ##+#....'.....+ ....#
##.###.'######## ##.##
##.## #.#.## ##.# ##.##
#.##.## #∩.# ##.## #)###.##
#+# ##.# ##.## #.# ##.##
#.# ##.# ##.## #.# ##.##
#.#


You could see a war gargoyle (catching breath).

Vanquished Creatures
  2 deep elf demonologists (Elf:1)
  Snorg (Lair:3)
  2 hydras
  A two-headed ogre (D:10)
  Erica (Lair:1)
  11 death yaks
  3 orc high priests (Orc:2)
  A deep elf knight (Elf:1)
  A deep elf archer (Elf:1)
  6 orc knights
  8 deep elf pyromancers
  2 deep elf zephyrmancers (Elf:1)
  3 orc sorcerers
  An elephant (Lair:5)
  3 black mambas
  2 torpor snails
  6 cane toads
  A gargoyle (D:12)
  A kobold demonologist (D:12)
  4 komodo dragons
  4 rime drakes
  2 polar bears (Lair:1)
  2 merfolk
  Prince Ribbit (D:7)
  2 trolls
  5 hornets
  Grinder (D:4)
  2 blink frogs
  2 dancing weapons
  3 dream sheep (Lair:4)
  Sigmund (D:6)
  5 wyverns
  A water elemental (Elf:1)
  54 yaks
  2 basilisks
  4 fire elementals
  2 steam dragons
  A redback (Lair:2)
  4 wargs
  Duvessa (D:6)
  2 acid dragons (D:12)
  A hell hound (Volcano)
  6 black bears
  5 water moccasins
  16 orc warriors
  An ice beast (D:5)
  A sky beast (D:7)
  8 ogres
  7 centaurs
  26 wolves
  3 phantoms
  11 bullfrogs
  3 scorpions
  2 gnoll sergeants
  4 wights
  Dowan (D:6)
  12 killer bees
  A howler monkey (D:6)
  3 electric eels (Lair:3)
  6 hounds
  3 jellies
  24 orc priests
  A gnoll bouda (D:5)
  4 sleepcaps
  13 orc wizards
  13 gnolls
  11 adders
  8 river rats (D:8)
  2 shadow imps
  2 white imps (D:5)
  2 worms
  4 dart slugs
  77 orcs
  7 ball pythons
  7 endoplasms
  A giant cockroach (D:2)
  10 goblins
  6 hobgoblins
  4 jackals (D:2)
  11 quokkas
  3 bats
  A frilled lizard (D:2)
  13 kobolds
  29 rats
534 creatures vanquished.

Vanquished Creatures (collateral kills)
  Azrael (D:12)
  A boulder beetle (Lair:3)
  2 two-headed ogres (D:12)
  A death yak (Lair:3)
  A tengu warrior (D:12)
  A deep elf archer (Volcano)
  4 deep elf pyromancers
  3 cyclopes
  2 deep elf zephyrmancers (Elf:1)
  An orc sorcerer (Orc:2)
  A manticore (D:12)
  An elephant (Lair:5)
  A merfolk siren (Lair:2)
  3 black mambas
  Psyche (D:8)
  6 cane toads
  2 komodo dragons
  Maggie (D:6)
  A merfolk (Lair:2)
  A polar bear (Lair:2)
  A troll (Orc:2)
  9 blink frogs
  A wyvern (Lair:5)
  4 fire elementals
  5 yaks
  A redback (Lair:2)
  2 water moccasins
  5 hell hounds
  6 orc warriors
  3 wolves
  An ogre (Orc:2)
  4 centaurs
  2 bullfrogs
  2 wights (D:7)
  A howler monkey (D:12)
  2 orc priests (Orc:2)
  5 gnolls
  9 orcs
  A ball lightning (Orc:2)
99 creatures vanquished.

Vanquished Creatures (others)
  13 dancing weapons
  An orc wizard (Orc:2)
  A quokka (D:8)
  57 ball lightnings
  76 fulminant prisms
148 creatures vanquished.

Grand Total: 781 creatures vanquished

Notes
Turn   | Place    | Note
-------+----------+-------------------------------------------
     0 | D:1      | Angani the Demigod Conjurer began the quest for the Orb.
     0 | D:1      | Reached XP level 1. HP: 14/14 MP: 5/5
   306 | D:1      | Reached XP level 2. HP: 20/20 MP: 2/7
  1084 | D:2      | Learned a level 2 spell: Searing Ray
  1453 | D:2      | Reached XP level 3. HP: 26/26 MP: 7/9
  1501 | D:2      | Learned a level 3 spell: Tukima's Dance
  2061 | D:2      | Gained mutation: You have hidden genetic potential. [potion
                  | of mutation]
  2061 | D:2      | Gained mutation: You have a pair of small antennae on your
                  | head. [potion of mutation]
  2282 | D:3      | Reached skill level 1 in Hexes
  2330 | D:3      | Reached XP level 4. HP: 33/33 MP: 6/11
  2979 | D:3      | Noticed a bullfrog
  2985 | D:3      | Killed a bullfrog
  2986 | D:3      | Reached XP level 5. HP: 32/38 MP: 3/12
  2987 | D:3      | Gained mutation: Your natural rate of healing is unusually
                  | fast. [hidden potential]
  3676 | D:4      | Noticed an ogre
  3810 | D:4      | Killed an ogre
  3811 | D:4      | Reached skill level 5 in Conjurations
  3811 | D:4      | Reached XP level 6. HP: 45/45 MP: 8/14
  3824 | D:4      | Gained mutation: You are partially covered in iridescent
                  | scales. (AC +2) [hidden potential]
  3824 | D:4      | Lost mutation: You have hidden genetic potential. [hidden
                  | potential expressed]
  3868 | D:4      | Noticed Grinder
  3878 | D:4      | Killed Grinder
  4091 | D:4      | Reached XP level 7. HP: 47/50 MP: 7/16
  4540 | D:4      | Found a staircase to the Ecumenical Temple.
  4841 | D:5      | Entered Level 5 of the Dungeon
  5069 | D:5      | Reached skill level 5 in Spellcasting
  5420 | D:5      | Reached XP level 8. HP: 45/57 MP: 8/19
  5778 | D:5      | Identified the +4 dagger "Ofriem" {heavy, rPois Will- MP+9
                  | Dex+3}
  5954 | D:5      | Reached skill level 5 in Hexes
  5985 | D:5      | Learned a level 4 spell: Fulminant Prism
  5990 | D:5      | Learned a level 4 spell: Iskenderun's Mystic Blast
  6442 | D:6      | Noticed Dowan
  6448 | D:6      | Noticed Duvessa
  6462 | D:6      | Killed Duvessa
  6468 | D:6      | Killed Dowan
  6804 | D:6      | Found a runed translucent door.
  6806 | D:6      | Noticed Gruesome's ghost (novice TrBr)
  7059 | D:6      | Noticed Maggie
  7065 | D:6      | Killed Maggie
  7066 | D:6      | Reached XP level 9. HP: 42/62 MP: 22/22
  7080 | D:6      | Noticed Sigmund
  7086 | D:6      | Killed Sigmund
  7789 | D:7      | Found Rerchyzeu's Armour Shop.
  7826 | D:7      | Identified the +0 ring mail of the Slightly Bent {Regen+
                  | Int+5}
  7921 | D:7      | Noticed Prince Ribbit
  7930 | D:7      | Killed Prince Ribbit
  9170 | D:8      | Found Esauwn's Weapon Emporium.
  9261 | D:8      | Found Noopogo's Antique Weapon Shoppe.
  9266 | D:8      | Bought a smoking short sword for 176 gold pieces
  9266 | D:8      | Identified the +8 short sword "Worm" {freeze, *Noise rPois
                  | rF+++ Will++} (You bought it in a shop on level 8 of the
                  | Dungeon)
  9267 | D:8      | Bought a scorched falchion for 176 gold pieces
  9267 | D:8      | Identified the +7 falchion "Kuekh" {flame, Fly Int+2} (You
                  | bought it in a shop on level 8 of the Dungeon)
  9321 | D:8      | Found Biyrejuka's Armour Emporium.
  9399 | D:8      | Noticed Psyche
  9409 | D:8      | Killed Psyche
  9619 | D:8      | Reached XP level 10. HP: 55/69 MP: 16/25
  9773 | D:8      | Found Pechix's Antique Armour Shop.
 11341 | D:9      | Learned a level 4 spell: Summon Lightning Spire
 11358 | D:9      | Found a large runed translucent door.
 11358 | D:9      | Found a large runed translucent door.
 11385 | D:9      | Identified the +4 dagger "Neatoh" {heavy, MP+9}
 11493 | D:8      | Bought a twisted robe for 171 gold pieces
 11493 | D:8      | Identified the +0 robe "Heodo" {rC+ Stlth+} (You bought it
                  | in a shop on level 8 of the Dungeon)
 11986 | D:9      | Found a staircase to the Lair.
 12990 | D:10     | Entered Level 10 of the Dungeon
 12990 | D:10     | Found a staircase to the Orcish Mines.
 13034 | D:10     | Noticed a two-headed ogre
 13410 | D:10     | Killed a two-headed ogre
 13411 | D:10     | Reached skill level 10 in Conjurations
 13576 | D:10     | Reached XP level 11. HP: 74/74 MP: 8/28
 14086 | Lair:1   | Entered Level 1 of the Lair of Beasts
 14116 | Lair:1   | Noticed Erica
 14124 | Lair:1   | Killed Erica
 14125 | Lair:1   | Reached skill level 1 in Air Magic
 14716 | Lair:1   | Reached skill level 10 in Hexes
 14793 | Lair:1   | Reached skill level 10 in Spellcasting
 14793 | Lair:1   | Reached skill level 1 in Summonings
 15502 | Lair:2   | Reached skill level 1 in Fighting
 15520 | Lair:1   | Reached skill level 5 in Air Magic
 15746 | Lair:2   | Found a hole to the Spider Nest.
 16030 | Lair:2   | Reached XP level 12. HP: 83/86 MP: 18/30
 16117 | Lair:2   | Learned a level 4 spell: Passage of Golubria
 16613 | Lair:2   | Identified the +1 robe "Hylugife" {rF+ rN+ Int-3 Dex+5}
 17077 | Lair:2   | Found a staircase to the Shoals.
 17247 | Lair:3   | Noticed Snorg
 17249 | Lair:3   | Noticed an eight-headed hydra
 17266 | Lair:3   | Killed Snorg
 17275 | Lair:3   | Killed an eight-headed hydra
 17276 | Lair:3   | Reached skill level 5 in Summonings
 17456 | Lair:3   | Reached skill level 5 in Fighting
 17587 | Lair:3   | Noticed a boulder beetle
 18722 | Lair:4   | Reached XP level 13. HP: 102/102 MP: 13/31
 18900 | Lair:4   | Found a staircase to the Slime Pits.
 20566 | Lair:3   | Upgraded the game from 0.31-a0-145-g046c7d2549 to
                  | 0.31-a0-152-g6aa68a64a1
 20587 | Lair:5   | Entered Level 5 of the Lair of Beasts
 20605 | Lair:5   | Found a dark tunnel.
 20613 | Volcano  | Entered a volcano
 21169 | Lair:5   | Learned a level 6 spell: Conjure Ball Lightning
 22881 | D:12     | Noticed Azrael
 22892 | D:12     | Killed Azrael
 22893 | D:12     | Reached skill level 10 in Air Magic
 22893 | D:12     | Reached XP level 14. HP: 64/116 MP: 17/32
 23119 | D:13     | Noticed Rupert
 23119 | D:13     | Found a gate to the Vaults.
 23250 | Orc:1    | Entered Level 1 of the Orcish Mines
 24006 | Orc:2    | Entered Level 2 of the Orcish Mines
 24531 | Orc:2    | Found a staircase to the Elven Halls.
 25273 | Orc:2    | Reached skill level 10 in Summonings
 25327 | Orc:2    | Reached skill level 10 in Fighting
 25412 | Orc:2    | Reached skill level 1 in Shields
 25421 | Orc:2    | Reached skill level 1 in Armour
 25521 | Orc:2    | Found Lunushra's Assorted Antiques.
 25521 | Orc:2    | Found Oschelism's Jewellery Shop.
 25523 | Orc:2    | Found Wuqaups's Book Shop.
 25523 | Orc:2    | Found Kuqum's Book Shoppe.
 25540 | Orc:2    | Bought a book of the Spheres for 540 gold pieces
 25546 | Orc:2    | Learned a level 5 spell: Fireball
 25642 | Elf:1    | Entered Level 1 of the Elven Halls
 25735 | Elf:1    | Reached skill level 1 in Fire Magic
 25885 | Elf:1    | Found a runed translucent door.
 25885 | Elf:1    | Noticed an ancient champion
 26260 | Elf:1    | Found Ruzuce Esuep's Magic Scroll Emporium.
 26269 | Elf:1    | Noticed an Executioner
 26270 | Elf:1    | Noticed a cacodemon
 26273 | Elf:1    | Bought a scroll of identify for 24 gold pieces
 26573 | Elf:1    | HP: 4/121 [war gargoyle/spray of metal splinters (42)]
 26576 | Elf:1    | Killed from afar by a war gargoyle

Illustrated notes

Levels and vault maps discovered:
D:1:      co_arrival_square_in_a_square_in_a_square, layout_basic,
          kennysheep_small_spiral
D:2:      layout_loops_ring
D:3:      minmay_inner_zag, layout_basic, marbit_many_paths,
          ebering_ecumenical_altar_webs, nrook_mini_vaults
D:4:      layout_loops_ring, minmay_temple_entry_antechambers, uniq_grinder
D:5:      layout_rooms, zin_scriptorium, lemuel_round_altar, grunt_ministairs_7
D:6:      layout_basic, ebering_ghost_inner_flame, item_on_display_b,
          uniq_sigmund, uniq_duvessa, uniq_maggie
D:7:      layout_gridville, serial_shops, shop, uniq_prince_ribbit1
D:8:      lemuel_ratsnest, layout_basic, serial_shops, nicolae_stop_n_shop_2,
          nicolae_shop_bloodbath_and_beyond, shop, shop, uniq_psyche
D:9:      layout_rooms, kennysheep_little_box, fedhas_altar_2,
          jmf_multi_god_temple2, erik_lair_orcish_takeover, centaur_isle
D:10:     layout_gridville, mainiacjoe_overflow_brackets, orc_0_dummy
D:11:     layout_roguey, nrook_mini_backslash
D:12:     hourglass_vault, layout_rooms, patterned_corridor, uniq_azrael
D:13:     layout_long_grid, david_vaults_3
Lair:1:   layout_roguey, beast_lair_carwin_11, uniq_erica
Lair:2:   layout_cave_pods, elwin_shoals_entry_stream, spider_nest_entry_webs,
          serial_bayou_shore_b
Lair:3:   layout_long_grid, minmay_hedge_maze, st_stairs_10,
          serial_bayou_shore_a, serial_bayou_shore_b, grunt_megastairs_5,
          infiniplex_staircase_pool, uniq_snorg
Lair:4:   layout_small_grid, dpeg_slime_entry_enclosed
Lair:5:   hangedman_lair_tendril_chambers, layout_loops_ring,
          hangedman_lair_caniforms_friends, enter_volcano_1
Orc:1:    layout_caves
Orc:2:    grunt_orc_tribal_feast, layout_diamond_mine
Elf:1:    minmay_roctagon, layout_geoelf_grid, hellmonk_ghost_big_iron,
          serial_shops, shop, nicolae_shop_just_a_little_nook, shop_fountains,
          nicolae_shop_just_a_little_nook, nicolae_shop_industrial_runoff,
          hangedman_elf_represent, grunt_ministairs_11

Skill      XL: |  1  2  3  4  5  6  7  8  9 10 11 12 13 14 |
---------------+-------------------------------------------+-----
Spellcasting   | 2 3 4 5 6 7 8 10 | 10.0
Conjurations   | 4 5 6 7 8 10 | 10.1
Hexes          | 1 2 3 4 6 7 9 10 | 10.1
Air Magic      | 5 7 10 | 10.0
Summonings     | 3 6 8 10 | 10.0
Fighting       | 2 6 8 10 | 10.0
Dodging        | 3 |  3.2
Shields        | 2 |  2.4
Armour         | 2 |  2.3
Fire Magic     | 2 |  2.7
Stealth        | |  1.7

Action                     |  1- 3 |  4- 6 |  7- 9 | 10-12 | 13-15 || total
---------------------------+-------+-------+-------+-------+-------++-------
  Melee: Unarmed           |     6 |       |       |       |       ||     6
         Short sword       |       |       |     3 |   102 |   115 ||   220
         Dagger            |       |       |     5 |       |       ||     5
         Falchion          |       |       |       |     4 |       ||     4
   Cast: Magic Dart        |   101 |    38 |   137 |    52 |    13 ||   341
         Searing Ray       |     1 |    13 |    74 |   102 |    46 ||   236
         Tukima's Dance    |       |       |    32 |    31 |       ||    63
         Iskenderun's Myst |       |       |     3 |    62 |    64 ||   129
         Fulminant Prism   |       |       |       |    39 |    37 ||    76
         Summon Lightning  |       |       |       |    28 |    42 ||    70
         Passage of Golubr |       |       |       |     3 |       ||     3
         Conjure Ball Ligh |       |       |       |       |    22 ||    22
         Fireball          |       |       |       |       |    23 ||    23
  Evoke: Wand              |       |       |       |     1 |     3 ||     4
    Use: Scroll            |     4 |     3 |       |    12 |     9 ||    28
         Potion            |     1 |       |       |     8 |    11 ||    20
   Stab: Distracted        |       |       |       |     1 |       ||     1
 Armour: Robe              |     2 |     8 |    13 |       |       ||    23
         Ring mail         |       |       |    10 |   126 |   158 ||   294
  Dodge: Dodged            |    14 |    17 |    40 |   144 |   110 ||   325
  Block: Buckler           |       |     7 |     6 |    44 |    33 ||    90

Table legend: (Time is in decaauts)
 A = Elapsed time spent in this place.
 B = Non-inter-level travel time spent in this place.
 C = Inter-level travel time spent in this place.
 D = Time resting spent in this place.
 E = Time spent auto-exploring this place.
 F = Levels seen in this place.
 G = Mean time per level.
                   A        B        C        D        E       F      G
               +--------+--------+--------+--------+--------+-----+--------+
         Total |  26658 |  25536 |   1122 |   8623 |  12750 |  22 | 1211.7 |
       Dungeon |  16009 |  15310 |    699 |   4432 |   8758 |  13 | 1231.5 |
          Lair |   7014 |   6663 |    351 |   2524 |   2945 |   5 | 1402.8 |
  Orcish Mines |   2231 |   2161 |     70 |    859 |    838 |   2 | 1115.5 |
   Elven Halls |    852 |    852 |      0 |    509 |    209 |   1 |  852.0 |
       Volcano |    550 |    550 |      0 |    299 |      0 |   1 |  550.0 |
               +--------+--------+--------+--------+--------+-----+--------+

Top non-repeatable levels by time:
     D:8: 2505 daAuts
  Lair:2: 1945 daAuts
  Lair:4: 1915 daAuts
     D:9: 1739 daAuts
     D:3: 1668 daAuts
   Orc:2: 1523 daAuts
  Lair:1: 1522 daAuts
     D:6: 1489 daAuts
     D:5: 1460 daAuts
  Lair:3: 1438 daAuts
     D:7: 1378 daAuts
    D:11: 1272 daAuts
     D:4: 1085 daAuts
     D:1: 1080 daAuts
     D:2: 1005 daAuts
